IL
COLUMBUS CLIPPERS @ INDIANAPOLIS INDIANS
09/08/2098
 
TOP OF THE 1ST
Columbus Clippers batting - Pitching for Indianapolis Indians : RHP Bill Gourd
Pitching: RHP Bill Gourd
Batting: RHB John Walko 0-0: Ground out 1-3 (Groundball, 34S, EV 71.3 MPH)
Batting: LHB Jeff O'Dell 0-0: Called Strike
0-1: Ball
1-1: Foul Ball, location: 7LDF
1-2: Ground out 5-3 (Groundball, 56, EV 105.6 MPH)
Batting: LHB Steve Hans 0-0: Called Strike
0-1: Swinging Strike
0-2: Foul Ball, location: 2F
0-2: Ball
1-2: DOUBLE (Line Drive, 78D, EV 103.1 MPH)
Batting: RHB Chaz Grattan 0-0: Called Strike
0-1: Ball
1-1: Foul Ball, location: 2F
1-2: Foul Ball, location: 3FF
1-2: Strikes out swinging
Top of the 1st over - 0 runs, 1 hit, 0 errors, 1 left on base; Columbus 0 - Indianapolis 0
BOTTOM OF THE 1ST
Indianapolis Indians batting - Pitching for Columbus Clippers : RHP Ed Wiseman
Pitching: RHP Ed Wiseman
Batting: RHB Jon Velasquez 0-0: Called Strike
0-1: Ball
1-1: Fly out, F9 (Line Drive, 89D, EV 90.0 MPH)
Batting: RHB Kevin Wallace 0-0: Ball
1-0: Called Strike
1-1: SINGLE (Flyball, 5D, EV 89.4 MPH)
Batting: RHB John Gallegos 0-0: SINGLE (Line Drive, 6MD, EV 96.9 MPH)
Kevin Wallace to second
Runner from 2nd tries for 3rd, SAFE, no throw by CF
Batting: LHB Travis Hicks 0-0: Called Strike
0-1: Foul Ball, location: 2F
0-2: Ball
1-2: Foul Ball, location: 7LDF
1-2: Ball
2-2: Ball
3-2: Grounds into double play, 3-6-3 (Groundball, 3, EV 83.8 MPH)
Bottom of the 1st over - 0 runs, 2 hits, 0 errors, 1 left on base; Columbus 0 - Indianapolis 0
TOP OF THE 2ND
Columbus Clippers batting - Pitching for Indianapolis Indians : RHP Bill Gourd
Batting: LHB Micah Cannon 0-0: Called Strike
0-1: Called Strike
0-2: Ball
1-2: Ball
2-2: Ball
3-2: Ground out 4-3 (Groundball, 4S, EV 86.3 MPH)
Batting: LHB Dan Ferrelli 0-0: Ball
1-0: Fly out, F7 (Line Drive, 7LM, EV 94.4 MPH)
Batting: RHB Bill Foulon 0-0: Ball
1-0: Ground out 6-3 (Groundball, 6, EV 111.3 MPH)
Top of the 2nd over - 0 runs, 0 hits, 0 errors, 0 left on base; Columbus 0 - Indianapolis 0
BOTTOM OF THE 2ND
Indianapolis Indians batting - Pitching for Columbus Clippers : RHP Ed Wiseman
Batting: RHB Mike Mellor 0-0: Ball
1-0: Ball
2-0: Foul Ball, location: 2LF
2-1: SINGLE (Line Drive, 5L, EV 93.8 MPH)
Batting: SHB Akira Nagata 0-0: Ball
1-0: Ball
2-0: Ball
Wild Pitch!
Mike Mellor to second
3-0: Called Strike
3-1: 2-RUN HOME RUN (Flyball, 7D, EV 100.6 MPH), Distance : 400 ft
Batting: RHB Andreas Frick 0-0: Swinging Strike
0-1: Called Strike
0-2: Ball
1-2: Fly out, F9 (Flyball, 9S, EV 83.8 MPH)
Batting: RHB Collin Toth 0-0: Ball
1-0: Ground out 6-3 (Groundball, 56, EV 97.5 MPH)
Batting: RHB Brett Dunlap 0-0: Ball
1-0: Ball
2-0: Ball
3-0: Base on Balls
Batting: RHB Jon Velasquez 0-0: Ball
Pickoff Throw to First - Out! 1-3 CS
Bottom of the 2nd over - 2 runs, 2 hits, 0 errors, 0 left on base; Columbus 0 - Indianapolis 2
TOP OF THE 3RD
Columbus Clippers batting - Pitching for Indianapolis Indians : RHP Bill Gourd
Batting: RHB Tyler O'Brien 0-0: Ground out 6-3 (Groundball, 6, EV 86.9 MPH)
Batting: RHB Gregorio Gonzalez 0-0: Swinging Strike
0-1: Reached on error, E6 (Groundball, 6, EV 81.3 MPH)
Batting: RHB John Walko 0-0: Fly out, F8 (Flyball, 89D, EV 93.1 MPH)
Runner from 2nd tags up, SAFE at 3rd, no throw by CF
Batting: LHB Jeff O'Dell 0-0: Ball
1-0: Ball
2-0: Ball
3-0: Called Strike
3-1: Called Strike
3-2: Strikes out swinging
Top of the 3rd over - 0 runs, 0 hits, 1 error, 1 left on base; Columbus 0 - Indianapolis 2
BOTTOM OF THE 3RD
Indianapolis Indians batting - Pitching for Columbus Clippers : RHP Ed Wiseman
Batting: RHB Jon Velasquez 0-0: Fly out, F7 (Flyball, 78M, EV 88.1 MPH)
Batting: RHB Kevin Wallace 0-0: Foul Ball, location: 2F
0-1: Fly out, F8 (Flyball, 8LD, EV 96.9 MPH)
Batting: RHB John Gallegos 0-0: Ground out 6-3 (Groundball, 6M, EV 109.4 MPH)
Bottom of the 3rd over - 0 runs, 0 hits, 0 errors, 0 left on base; Columbus 0 - Indianapolis 2
TOP OF THE 4TH
Columbus Clippers batting - Pitching for Indianapolis Indians : RHP Bill Gourd
Batting: LHB Steve Hans 0-0: Ball
1-0: Called Strike
1-1: Called Strike
1-2: Strikes out looking
Batting: RHB Chaz Grattan 0-0: Foul Ball, location: 9LSF
0-1: Ball
1-1: Foul Ball, location: 2F
1-2: Ball
2-2: Ground out 3-1 (Groundball, 13, EV 89.4 MPH)
Batting: LHB Micah Cannon 0-0: Swinging Strike
0-1: Ball
1-1: SINGLE (Groundball, 34D, EV 105.6 MPH)
Batting: LHB Dan Ferrelli 0-0: Called Strike
0-1: Fly out, F9 (Flyball, 9, EV 85.0 MPH)
Top of the 4th over - 0 runs, 1 hit, 0 errors, 1 left on base; Columbus 0 - Indianapolis 2
BOTTOM OF THE 4TH
Indianapolis Indians batting - Pitching for Columbus Clippers : RHP Ed Wiseman
Batting: LHB Travis Hicks 0-0: Ball
1-0: Ball
2-0: Foul Ball, location: 2LF
2-1: Swinging Strike
2-2: Ball
3-2: Foul Ball, location: 9LSF
3-2: Foul Ball, location: 25F
3-2: Foul Ball, location: 3SF
3-2: SINGLE (Line Drive, 8RS, EV 105.6 MPH)
Batting: RHB Mike Mellor 0-0: Called Strike
0-1: DOUBLE (Flyball, 78XD, EV 106.3 MPH)
Travis Hicks to third
Batting: SHB Akira Nagata 0-0: Foul Ball, location: 5FF
0-1: Called Strike
0-2: Ball
1-2: Strikes out swinging
Batting: RHB Andreas Frick 0-0: Ball
1-0: Called Strike
1-1: Ball
2-1: TRIPLE (Line Drive, 7D, EV 103.1 MPH)
Travis Hicks scores
Mike Mellor scores
Batting: RHB Collin Toth 0-0: Ball
1-0: Ball
2-0: Foul Ball, location: 7LDF
2-1: Ground out U3 (Groundball, 34, EV 105.0 MPH)
Batting: RHB Brett Dunlap 0-0: Ball
1-0: Ball
2-0: Ball
3-0: Base on Balls
Batting: RHB Jon Velasquez 0-0: Swinging Strike
0-1: Called Strike
0-2: Ball
1-2: Ball
2-2: Ground out 5-3 (Groundball, 56S, EV 79.4 MPH)
Bottom of the 4th over - 2 runs, 3 hits, 0 errors, 2 left on base; Columbus 0 - Indianapolis 4
TOP OF THE 5TH
Columbus Clippers batting - Pitching for Indianapolis Indians : RHP Bill Gourd
Batting: RHB Bill Foulon 0-0: Called Strike
0-1: Ball
1-1: Ball
2-1: Ball
3-1: SINGLE (Flyball, 89S, EV 88.1 MPH)
Batting: RHB Tyler O'Brien 0-0: Ball
1-0: Ball
2-0: Called Strike
2-1: DOUBLE (Line Drive, 8LD, EV 106.9 MPH)
Bill Foulon to third
Batting: RHB Gregorio Gonzalez 0-0: Ball
1-0: Ground out 5-3 (Groundball, 15, EV 86.9 MPH)
Bill Foulon scores
Batting: RHB John Walko 0-0: Called Strike
0-1: Swinging Strike
0-2: Ground out 1-3 (Groundball, 15S, EV 70.6 MPH)
Batting: LHB Jeff O'Dell 0-0: Ball
1-0: Ball
2-0: Ball
3-0: Called Strike
3-1: Ground out 4-3 (Groundball, 34, EV 85.6 MPH)
Top of the 5th over - 1 run, 2 hits, 0 errors, 1 left on base; Columbus 1 - Indianapolis 4
BOTTOM OF THE 5TH
Indianapolis Indians batting - Pitching for Columbus Clippers : RHP Ed Wiseman
Batting: RHB Kevin Wallace 0-0: Ball
1-0: Ball
2-0: Ball
3-0: Called Strike
3-1: Foul Ball, location: 2F
3-2: Strikes out swinging
Batting: RHB John Gallegos 0-0: Ball
1-0: Foul Ball, location: 9LDF
1-1: SINGLE (Line Drive, 9S, EV 105.0 MPH)
Batting: LHB Travis Hicks 0-0: Ball
1-0: Fly out, F8 (Flyball, 8LXD, EV 108.1 MPH)
Batting: RHB Mike Mellor 0-0: Foul Ball, location: 9LSF
0-1: Called Strike
0-2: Ball
1-2: Fly out, F8 (Flyball, 8LXD, EV 110.0 MPH)
Bottom of the 5th over - 0 runs, 1 hit, 0 errors, 1 left on base; Columbus 1 - Indianapolis 4
TOP OF THE 6TH
Columbus Clippers batting - Pitching for Indianapolis Indians : RHP Bill Gourd
Batting: LHB Steve Hans 0-0: Ball
1-0: Foul Ball, location: 2F
1-1: Foul Ball, location: 2RF
1-2: Strikes out looking
Batting: RHB Chaz Grattan 0-0: Foul Ball, location: 5SF
0-1: Swinging Strike
0-2: Strikes out looking
Batting: LHB Micah Cannon 0-0: Fly out, F6 (Popup, P, EV 84.4 MPH)
Top of the 6th over - 0 runs, 0 hits, 0 errors, 0 left on base; Columbus 1 - Indianapolis 4
BOTTOM OF THE 6TH
Indianapolis Indians batting - Pitching for Columbus Clippers : RHP Ed Wiseman
Batting: SHB Akira Nagata 0-0: Ball
1-0: Fly out, F7 (Flyball, 78M, EV 90.0 MPH)
Batting: RHB Andreas Frick 0-0: Called Strike
0-1: Foul Ball, location: 7LSF
0-2: Ball
1-2: Strikes out swinging
Batting: RHB Collin Toth 0-0: Ball
1-0: Foul Ball, location: 2F
1-1: Foul Ball, location: 2F
1-2: Fly out, F4 (Popup, 4, EV 66.9 MPH)
Bottom of the 6th over - 0 runs, 0 hits, 0 errors, 0 left on base; Columbus 1 - Indianapolis 4
TOP OF THE 7TH
Columbus Clippers batting - Pitching for Indianapolis Indians : RHP Bill Gourd
Now at 2B: Santos Vazquez
Now in LF: Andreas Frick
Now in CF: Bob Peterson
Batting: LHB Dan Ferrelli 0-0: Called Strike
0-1: Foul Ball, location: 2LF
0-2: Strikes out looking
Batting: RHB Bill Foulon 0-0: Foul Ball, location: 2F
0-1: Swinging Strike
0-2: Ball
1-2: Ball
2-2: Strikes out swinging
Batting: RHB Tyler O'Brien 0-0: Foul Ball, location: 2F
0-1: SINGLE (Line Drive, 7S, EV 101.3 MPH)
Pitching: RHP Dale Lydon
Batting: RHB Gregorio Gonzalez 0-0: Ball
1-0: Foul Ball, location: 9LMF
1-1: Called Strike
Tyler O'Brien steals 2nd base
1-2: Ball
2-2: SINGLE (Line Drive, 89M, EV 106.3 MPH)
Tyler O'Brien to third
Runner from 3rd tries for Home, SAFE, throw by CF to home
Batting: RHB John Walko 0-0: Foul Ball, location: 23F
0-1: Foul Ball, location: 2F
0-2: Ball
1-2: Ball
2-2: Ball
3-2: Ground out 6-3 (Groundball, 6, EV 58.8 MPH)
Top of the 7th over - 1 run, 2 hits, 0 errors, 1 left on base; Columbus 2 - Indianapolis 4
BOTTOM OF THE 7TH
Indianapolis Indians batting - Pitching for Columbus Clippers : RHP Ed Wiseman
Batting: RHB Brett Dunlap 0-0: Ball
1-0: Fly out, F9 (Flyball, 9LM, EV 110.6 MPH)
Batting: RHB Jon Velasquez 0-0: Ball
1-0: Foul Ball, location: 9LMF
1-1: Ground out 6-3 (Groundball, 6, EV 97.5 MPH)
Batting: RHB Kevin Wallace 0-0: Called Strike
0-1: Swinging Strike
0-2: Strikes out swinging
Bottom of the 7th over - 0 runs, 0 hits, 0 errors, 0 left on base; Columbus 2 - Indianapolis 4
TOP OF THE 8TH
Columbus Clippers batting - Pitching for Indianapolis Indians : RHP Dale Lydon
Pitching: RHP Pat Utterback
Batting: LHB Jeff O'Dell 0-0: Ball
1-0: Ball
2-0: Ball
3-0: Called Strike
3-1: Called Strike
3-2: Base on Balls
Batting: LHB Steve Hans 0-0: Grounds into double play, 6-4-3 (Groundball, 6, EV 102.5 MPH)
Batting: RHB Chaz Grattan 0-0: Ball
1-0: Swinging Strike
1-1: Foul Ball, location: 2F
1-2: Ball
2-2: Foul Ball, location: 2RF
2-2: Foul Ball, location: 3SF
2-2: Ball
3-2: Fly out, F2 (Popup, 25F, EV 88.1 MPH)
Top of the 8th over - 0 runs, 0 hits, 0 errors, 0 left on base; Columbus 2 - Indianapolis 4
BOTTOM OF THE 8TH
Indianapolis Indians batting - Pitching for Columbus Clippers : RHP Ed Wiseman
Pitching: RHP Alex Espinal
Batting: RHB John Gallegos 0-0: Called Strike
0-1: Foul Ball, location: 9LDF
0-2: Ball
1-2: Strikes out swinging, 2-3 out at first.
Batting: LHB Travis Hicks 0-0: Ball
1-0: Foul Ball, location: 3F
1-1: Swinging Strike
1-2: Ball
2-2: Ball
3-2: SINGLE (Line Drive, 78S, EV 103.1 MPH)
Batting: RHB Mike Mellor 0-0: Foul Ball, location: 9LSF
0-1: Foul Ball, location: 9LSF
0-2: Ball
Wild Pitch!
Travis Hicks to second
1-2: Strikes out swinging
Batting: RHB Santos Vazquez 0-0: Ball
1-0: Ground out 1-3 (Groundball, 34S, EV 63.8 MPH)
Bottom of the 8th over - 0 runs, 1 hit, 0 errors, 1 left on base; Columbus 2 - Indianapolis 4
TOP OF THE 9TH
Columbus Clippers batting - Pitching for Indianapolis Indians : RHP Pat Utterback
Batting: LHB Micah Cannon 0-0: Ball
1-0: Ball
2-0: Called Strike
2-1: Fly out, F7 (Flyball, 78D, EV 94.4 MPH)
Batting: LHB Dan Ferrelli 0-0: Ball
1-0: Ball
2-0: Called Strike
2-1: Ball
3-1: Base on Balls
Pitching: RHP Taurino Ramirez
Batting: LHB Zachary Moody 0-0: Ball
1-0: Ball
2-0: Called Strike
2-1: Fly out, F9 (Flyball, 9D, EV 93.1 MPH)
Batting: RHB Tyler O'Brien 0-0: Swinging Strike
0-1: Called Strike
0-2: Strikes out looking
Top of the 9th over - 0 runs, 0 hits, 0 errors, 1 left on base; Columbus 2 - Indianapolis 4
Sunday, April 14th , 2024 - OOTP Baseball 24.11 Build 85